 Dungeon Sprint DCSS version 0.31-a0-988-g08d55dae12 (webtiles) character file.

Game seed: 9679981449849033505

9069 Conn the Thaumaturge (level 11, -2/77 HPs)
             Began as an Octopode Fire Elementalist on Nov 4, 2023.
             Was a High Priest of Sif Muna.
             Killed from afar by a crystal guardian (67 damage)
             ... with a crystal bolt
             ... in the Dungeon (Sprint II: "The Violet Keep of Menkaure").
             The game lasted 00:22:58 (1563 turns).

Conn the Thaumaturge (Octopode Fire Elementalist)   Turns: 1563, Time: 00:22:59

Health: -2/77      AC:  1    Str:  7    XL:     11   Next: 40%
Magic:  31/45      EV: 17    Int: 22    God:    Sif Muna [*****.]
Gold:   271        SH:  0    Dex: 13    Spells: 5/34 levels left

rFire   + . .        t - +0 dagger
rCold   x . .        (no shield)
rNeg    . . .        (helmet restricted)
rPois   .            r - amulet of regeneration
rElec   .            e - ring of magical power
rCorr   .            k - ring of magical power
SInv    .            w - ring of fire
Will    +....        (no ring)
Stlth   +++++        (no ring)
HPRegen 1.12/turn    (no ring)
MPRegen 0.29/turn    (no ring)
                     (no ring)

%: no teleportation
@: enlightened, flying
A: almost no armour, amphibious, 8 rings, camouflage 1, gelatinous body 1,
(nimble swimmer 1), tentacles, deterioration 1
a: Renounce Religion, Channel Magic, Forget Spell, Divine Exegesis


You were in the Dungeon.
You worshipped Sif Muna.
Sif Muna was extremely pleased with you.
You visited 1 branch You collected 1391 gold pieces.
You spent 1120 gold pieces at shops.

Inventory:

Hand Weapons
 t - a +0 dagger (weapon)
Missiles
 u - 5 poisoned darts
Jewellery
 e - a ring of magical power (left tentacle)
 k - a ring of magical power (right tentacle)
 r - an amulet of regeneration (around mantle)
 w - a ring of fire (on tentacle)
Talismans
 v - a beast talisman
Scrolls
 f - a scroll of blinking
 h - 2 scrolls of poison {unknown}
 i - 2 scrolls of vulnerability {unknown}
 j - 6 scrolls of identify {unknown}
 n - a scroll of revelation {unknown}
 q - a scroll of torment {unknown}
 s - a scroll of brand weapon {unknown}
 x - a scroll of fear
Potions
 a - 6 potions of magic
 b - a potion of curing
 d - a potion of lignification
 g - 2 potions of haste
 l - 2 potions of attraction
 o - a potion of enlightenment
 p - 2 potions of resistance


   Skills:
 + Level 8.0 Fighting
 - Level 10.0 Dodging
 - Level 8.0 Stealth
 * Level 12.3 Spellcasting
 + Level 10.8 Conjurations
 - Level 5.0 Hexes
 * Level 3.5 Summonings
 - Level 5.0 Necromancy
 - Level 5.0 Translocations
 + Level 10.1 Fire Magic
 + Level 2.3 Air Magic
 + Level 2.9 Poison Magic
 * Level 11.7 Invocations


You had 5 spell levels left.
You knew the following spells:

 Your Spells              Type           Power      Damage    Failure   Level
a - Foxfire               Conj/Fire      100%       2x1d9     1%          1
b - Scorch                Fire           100%       2d9       1%          2
c - Inner Flame           Hex/Fire       63%        N/A       1%          3
d - Flame Wave            Conj/Fire      74%        2d16      1%          4
e - Blink                 Tloc           70%        N/A       1%          2
f - Teleport Other        Tloc           35%        N/A       1%          3
g - Dispel Undead         Necr           35%        3d15      6%          4
h - Mephitic Cloud        Conj/Pois/Air  37%        N/A       1%          3
i - Summon Guardian Gole  Hex/Summ       32%        N/A       2%          3
j - Call Imp              Summ           58%        N/A       1%          2
k - Summon Small Mammal   Summ           100%       N/A       1%          1
l - Magic Dart            Conj           100%       1d8       1%          1

Your spell library contained the following spells:

 Spells                   Type           Power      Damage    Failure   Level
 Kiss of Death            Conj/Necr      100%       2d13      1%          1
 Lesser Beckoning         Tloc           70%        N/A       1%          2
 Static Discharge         Conj/Air       84%        3-7/arc   1%          2
 Confusing Touch          Hex            35%        N/A       1%          3
 Gell's Gravitas          Tloc           35%        N/A       1%          3
 Volatile Blastmotes      Fire/Tloc      100%       2d18      1%          3
 Fulminant Prism          Conj/Hex       24%        3d12      1%          4
 Sticky Flame             Conj/Fire      74%        2d9       1%          4
 Fireball                 Conj/Fire      37%        3d15      1%          5
 Iskenderun's Battlesphe  Conj           57%        2d11      1%          5
 Call Canine Familiar     Summ           29%        N/A       3%          3
 Manifold Assault         Tloc           35%        N/A       6%          4
 Arcjolt                  Conj/Air       21%        1d31      9%          5
 Summon Lightning Spire   Summ/Air       26%        N/A       14%         4
 Silence                  Hex/Air        14%        N/A       28%         5
 Orb of Destruction       Conj           28%        9d9       43%         7
 Fire Storm               Conj/Fire      37%        8d9       100%        9


Dungeon Overview and Level Annotations

Branches:
Dungeon (1/1)

Altars:
Cheibriados
Dithmenos
Elyvilon
Fedhas
Gozag
Hepliaklqana
Kikubaaqudgha
Makhleb
Nemelex Xobeh
Okawaru
Qazlal
Ru
Sif Muna
Trog
Uskayaw
Vehumet
Wu Jian
Xom
Yredelemnul
Zin
The Shining One
Jiyva
Lugonu

Shops:
D [=:[[:[==!![(?:

Annotations:
D exclusions: ice statue and oklob plant


Innate Abilities, Weirdness & Mutations

You cannot wear most types of armour.
You are amphibious.
You can wear up to eight rings at the same time.
Your skin changes colour to match your surroundings (Stealth+).
Your rubbery body absorbs attacks. (AC +1, EV +1)
((You are camouflaged when in or above water. (Stealth+)))
You have tentacles for arms and can constrict up to eight enemies at once.
Your body sometimes deteriorates upon taking damage.


Message History

You feel a surge of power!
Flames lash the death drake.
The death drake is burned terribly!
The death drake is severely wounded.
The death drake is engulfed in a cloud of scalding steam.
The death drake breathes miasma at you.
The foul vapour engulfs your guardian golem.
Your guardian golem completely resists.
Casting: Scorch (safe; 1% risk of failure)
Confirm with . or Enter, or press ? or * to list all spells.
You feel a surge of power!
Flames lash the death drake.
The death drake is burned terribly!
You kill the death drake!
Sif Muna accepts your kill.
You see here Sif Muna's Volume of Fulgent Gusts.
Sif Muna grants you a gift!
Training target 10.0 for Dodging reached!
Your Fighting skill increases to level 8!
Your Dodging skill increases to level 10!
Unknown command.
Unknown command.
Unknown command.
Unknown command.
Unknown command.
Unknown command.
You pick up Sif Muna's Volume of Fulgent Gusts and begin reading...
You add the spells Fulminant Prism, Summon Lightning Spire, Iskenderun's Battlesphere, Silence, Orb of Destruction and Fire Storm to your library.
Unknown command.
Unknown command.
Unknown command.
Casting: Scorch (safe; 1% risk of failure)
Confirm with . or Enter, or press ? or * to list all spells.
You blink.
Floosh!
You feel very buoyant.
You fly up into the air.
You feel ready to blink again.
The crystal guardian fires a crystalline bolt at you.
The crystal bolt freezes you!!!
You feel a terrible chill!
Ouch! That really hurt!
You die...

#~#...##.##...#...†###...##▓▓▓▓▓▓
#~##.###'###.##......~~~~~)~~~~~~
#~~####.######~~.....~#'########'
##~~~#.##..#~~§~§§~§.~#._._._..#~
#'#~##...##~~~~~9~§.~#.._._._.#~
#.#~~##'##~~~§≈≈9~~§~#._._._._#~
####~~~!~~~~~~≈§§§§§~#_._._._.#~
#+++#+++#~≈§§§§§§§#._._._..#~
≈§≈§≈ ##§≈@###§§#_._._...#§
≈≈§≈S°°§≈##§§# #§≈#._._....#~
+≈≈≈≈§§≈≈§≈S+≈≈# #≈≈#_._.....#~
##≈§§S§§§≈≈##≈≈§≈≈≈≈##########~
##≈§≈≈S§≈###########~~~~~~~~~≈
####+####°○z§§.≈ #####≈ ≈.z.z§ #▓


≈z≈≈zzz You could see 3 flying skulls.

Vanquished Creatures
  Kirke (D)
  A yaktaur captain (D)
  A centaur warrior (D)
  2 boulder beetles (D)
  A skeletal warrior (D)
  2 death drakes (D)
  2 deep trolls (D)
  An elephant (D)
  A yaktaur (D)
  A kobold demonologist (D)
  3 polar bears (D)
  A hornet (D)
  4 neqoxecs (D)
  A vampire mosquito (D)
  Menkaure (D)
  4 water moccasins (D)
  2 swamp drakes (D)
  4 necrophages (D)
  3 worms (D)
36 creatures vanquished.

Vanquished Creatures (others)
  80 foxfires (D)
  8 tentacles (D)
88 creatures vanquished.

Grand Total: 124 creatures vanquished

Notes
Turn   | Place    | Note
-------+----------+-------------------------------------------
     0 | D        | Conn the Octopode Fire Elementalist began the quest for the
                  | Orb.
     0 | D        | Reached XP level 1. HP: 11/11 MP: 3/3
     1 | D        | Noticed a necrophage
     1 | D        | Noticed a necrophage
     1 | D        | Noticed a necrophage
     1 | D        | Noticed a necrophage
     8 | D        | Killed a necrophage
     9 | D        | Reached skill level 4 in Spellcasting
     9 | D        | Reached XP level 2. HP: 17/17 MP: 1/7
     9 | D        | Reached XP level 3. HP: 21/21 MP: 1/8
     9 | D        | Reached XP level 4. HP: 27/27 MP: 1/10
    15 | D        | Killed a necrophage
    16 | D        | Reached skill level 5 in Stealth
    16 | D        | Reached skill level 5 in Spellcasting
    16 | D        | Reached skill level 5 in Conjurations
    16 | D        | Reached XP level 5. HP: 31/31 MP: 1/12
    20 | D        | Reached skill level 5 in Fire Magic
    24 | D        | Reached skill level 5 in Dodging
    24 | D        | Reached skill level 6 in Spellcasting
    24 | D        | Reached XP level 6. HP: 25/36 MP: 2/15
    28 | D        | Found Guinel's Magic Scroll Shoppe.
    28 | D        | Found Tifocum's Antique Armour Emporium.
    28 | D        | Found Lovuck's Antique Weapon Emporium.
    28 | D        | Found Gukiduq's Distillery.
    28 | D        | Found Iribox's Distillery.
    29 | D        | Found Noyviu's Jewellery Shoppe.
    29 | D        | Found Soovyn's Jewellery Emporium.
    30 | D        | Found Epith's Antique Armour Shoppe.
    30 | D        | Found Ganestria's Book Emporium.
    31 | D        | Found Tismoasm's Book Emporium.
    32 | D        | Found Genleyme's Antique Armour Shoppe.
    32 | D        | Found Wueplynn's Armour Emporium.
    32 | D        | Noticed Menkaure
    32 | D        | Noticed an oklob plant
    38 | D        | Killed Menkaure
    39 | D        | Reached skill level 7 in Spellcasting
    39 | D        | Found Mydotuo's Jewellery Shoppe.
    39 | D        | Found Ycirph's Armour Emporium.
    39 | D        | Found Ywefeah's Book Shoppe.
    40 | D        | Bought an Inescapable Atlas for 208 gold pieces
    43 | D        | Learned a level 2 spell: Scorch
    47 | D        | Learned a level 3 spell: Inner Flame
    52 | D        | Learned a level 4 spell: Flame Wave
    55 | D        | Learned a level 2 spell: Blink
    55 | D        | Noticed a yak
    55 | D        | Noticed a yak
    55 | D        | Noticed a yak
    60 | D        | Bought a potion of lignification for 30 gold pieces
    62 | D        | Noticed a wyvern
    65 | D        | Noticed a wyvern
    82 | D        | Noticed a vampire mosquito
    86 | D        | Killed a vampire mosquito
    87 | D        | Reached skill level 1 in Fighting
    87 | D        | Reached XP level 7. HP: 25/43 MP: 2/17
   162 | D        | Found a glowing silver altar of Zin.
   162 | D        | Found an iron altar of Okawaru.
   162 | D        | Found a radiant altar of Vehumet.
   163 | D        | Found a basalt altar of Yredelemnul.
   163 | D        | Found a hide-covered altar of Uskayaw.
   163 | D        | Found a sparkling altar of Nemelex Xobeh.
   163 | D        | Found a glowing golden altar of the Shining One.
   164 | D        | Found a shimmering altar of Xom.
   164 | D        | Found a bloodstained altar of Trog.
   164 | D        | Found a burning altar of Makhleb.
   164 | D        | Found an opulent altar of Gozag.
   165 | D        | Found an ornate altar of the Wu Jian Council.
   165 | D        | Found a shimmering blue altar of Sif Muna.
   165 | D        | Found a corrupted altar of Lugonu.
   165 | D        | Found a blossoming altar of Fedhas.
   166 | D        | Found a sacrificial altar of Ru.
   166 | D        | Found an ancient bone altar of Kikubaaqudgha.
   166 | D        | Found a white marble altar of Elyvilon.
   167 | D        | Found a stormy altar of Qazlal.
   167 | D        | Found a viscous altar of Jiyva.
   167 | D        | Found a shadowy altar of Dithmenos.
   168 | D        | Found a hazy altar of Hepliaklqana.
   168 | D        | Found a snail-covered altar of Cheibriados.
   174 | D        | Became a worshipper of Sif Muna the Loreminder
   185 | D        | Noticed a kraken
   192 | D        | Reached skill level 1 in Invocations
   371 | D        | Learned a level 3 spell: Teleport Other
   376 | D        | Learned a level 4 spell: Dispel Undead
   487 | D        | Reached * piety under Sif Muna
   488 | D        | Reached skill level 1 in Necromancy
   492 | D        | Noticed a flying skull
   493 | D        | Noticed a flying skull
   493 | D        | Noticed a flying skull
   493 | D        | Noticed a flying skull
   493 | D        | Noticed a flying skull
   493 | D        | Noticed a flying skull
   498 | D        | Noticed a deep troll
   499 | D        | Noticed a deep troll
   523 | D        | Killed a deep troll
   524 | D        | Reached skill level 8 in Spellcasting
   524 | D        | Reached XP level 8. HP: 52/52 MP: 13/20
   536 | D        | Killed a deep troll
   537 | D        | Reached skill level 5 in Hexes
   537 | D        | Reached skill level 5 in Translocations
   537 | D        | Reached skill level 5 in Invocations
   537 | D        | Reached XP level 9. HP: 58/58 MP: 4/21
   710 | D        | Noticed a yaktaur
   710 | D        | Noticed a hornet
   710 | D        | Noticed a polar bear
   714 | D        | Noticed a polar bear
   722 | D        | Killed a polar bear
   722 | D        | Reached ** piety under Sif Muna
   723 | D        | Reached skill level 9 in Spellcasting
   723 | D        | Reached skill level 5 in Necromancy
   769 | D        | Killed a yaktaur
   769 | D        | Killed a hornet
   828 | D        | Noticed a polar bear
   841 | D        | Killed a polar bear
   842 | D        | Reached skill level 5 in Fighting
   845 | D        | Killed a polar bear
   845 | D        | Reached *** piety under Sif Muna
   924 | D        | Noticed a boulder beetle
   924 | D        | Noticed a boulder beetle
   933 | D        | Noticed an ice statue
   962 | D        | Gained mutation: Your body sometimes deteriorates upon
                  | taking damage. [a neqoxec]
   963 | D        | Reached **** piety under Sif Muna
   964 | D        | Reached skill level 10 in Spellcasting
   964 | D        | Reached XP level 10. HP: 67/67 MP: 24/24
  1057 | D        | Bought a book of Callings for 260 gold pieces
  1064 | D        | Bought a book of Minor Magic for 252 gold pieces
  1069 | D        | Learned a level 3 spell: Mephitic Cloud
  1073 | D        | Learned a level 3 spell: Summon Guardian Golem
  1076 | D        | Learned a level 2 spell: Call Imp
  1080 | D        | Learned a level 1 spell: Summon Small Mammal
  1082 | D        | Learned a level 1 spell: Magic Dart
  1085 | D        | Bought a ring of fire for 300 gold pieces
  1090 | D        | Bought a potion of lignification for 30 gold pieces
  1096 | D        | Bought a scroll of fear for 40 gold pieces
  1108 | D        | Noticed Kirke
  1108 | D        | Noticed a yaktaur captain
  1111 | D        | Noticed a centaur warrior
  1111 | D        | Noticed a skeletal warrior
  1112 | D        | Killed a yaktaur captain
  1115 | D        | Killed Kirke
  1115 | D        | Reached ***** piety under Sif Muna
  1115 | D        | Noticed a kobold demonologist
  1116 | D        | Reached skill level 11 in Spellcasting
  1117 | D        | Noticed an elephant
  1118 | D        | Killed a kobold demonologist
  1118 | D        | Identified the of Ofasunn (Sif Muna gifted it to you in
                  | the Dungeon)
  1118 | D        | Received a gift from Sif Muna
  1119 | D        | Reached skill level 10 in Conjurations
  1119 | D        | Reached skill level 10 in Invocations
  1119 | D        | Killed a centaur warrior
  1119 | D        | Killed a skeletal warrior
  1119 | D        | Noticed a fire dragon
  1154 | D        | Killed an elephant
  1155 | D        | Reached XP level 11. HP: 72/75 MP: 1/26
  1331 | D        | Killed a boulder beetle
  1332 | D        | Reached skill level 12 in Spellcasting
  1332 | D        | Reached skill level 1 in Summonings
  1332 | D        | Reached skill level 1 in Air Magic
  1332 | D        | Reached skill level 1 in Poison Magic
  1352 | D        | Killed a boulder beetle
  1386 | D        | Noticed a death drake
  1410 | D        | Killed a death drake
  1411 | D        | Reached skill level 10 in Fire Magic
  1540 | D        | Noticed a death drake
  1543 | D        | Noticed a crystal guardian
  1557 | D        | Killed a death drake
  1557 | D        | Identified the "Bigg" (Sif Muna gifted it to you in the
                  | Dungeon)
  1557 | D        | Received a gift from Sif Muna
  1558 | D        | Reached skill level 10 in Dodging
  1563 | D        | Killed from afar by a crystal guardian

Illustrated notes

Levels and vault maps discovered:
D:        the_violet_keep_of_menkaure [sprint2_stairs_cluster_1,
          sprint2_shoproom, sprint2_temple, sprint2_basic_supplies,
          sprint2_obstacle_5, sprint2_obstacle_1, sprint2_obstacle_2,
          sprint2_obstacle_3, sprint2_obstacle_6, sprint2_timed_cluster_1,
          sprint2_smallroom_cluster_1, sprint2_smallroom_final_cluster_1,
          sprint2_transparent_cluster_1, sprint2_second_timed_cluster_1,
          sprint2_sniper_area_1, sprint2_heavy_combat_area_1,
          sprint2_mutation_trap_area_1, sprint2_forest_area_1,
          sprint2_light_combat_area_1, sprint2_behind_water_1,
          sprint2_near_end_vault_1]

Skill      XL: |  1  2  3  4  5  6  7  8  9 10 11 |
---------------+----------------------------------+-----
Dodging        | 3 4 5 6 7 8 9 10 | 10.0
Stealth        | 4 5 7 8 |  8.0
Spellcasting   | 4 5 6 7 8 10 11 12 | 12.3
Conjurations   | 3 5 6 7 8 9 10 | 10.8
Fire Magic     | 4 5 6 7 8 9 10 | 10.1
Fighting       | 1 3 4 5 7 8 |  8.0
Hexes          | 2 4 5 |  5.0
Translocations | 2 4 5 |  5.0
Invocations    | 4 5 8 11 | 11.7
Necromancy     | 3 4 5 |  5.0
Summonings     | 3 |  3.5
Air Magic      | 2 |  2.3
Poison Magic   | 2 |  2.9

Action                     |  1- 3 |  4- 6 |  7- 9 | 10-12 || total
---------------------------+-------+-------+-------+-------++-------
  Melee: Unarmed           |     2 |    13 |       |       ||    15
         Constrict         |     1 |     3 |     1 |       ||     5
         Tentacles         |     1 |     3 |     1 |       ||     5
         Dagger            |       |       |     8 |     1 ||     9
   Cast: Foxfire           |     2 |     3 |    31 |    17 ||    53
         Scorch            |       |     3 |    18 |    30 ||    51
         Inner Flame       |       |       |     6 |     8 ||    14
         Flame Wave        |       |       |     5 |     5 ||    10
         Summon Small Mamm |       |       |       |     6 ||     6
         Call Imp          |       |       |       |     5 ||     5
         Teleport Other    |       |       |       |     3 ||     3
         Summon Guardian G |       |       |       |     6 ||     6
         Mephitic Cloud    |       |       |       |     2 ||     2
         Blink             |       |       |       |     2 ||     2
         Magic Dart        |       |       |       |     1 ||     1
 Invoke: Channel Magic     |       |       |       |     1 ||     1
    Use: Potion            |     2 |       |       |     9 ||    11
         Scroll            |       |       |       |     2 ||     2
   Stab: Sleeping          |       |       |     2 |     1 ||     3
 Armour: Skin              |     1 |     7 |    17 |    35 ||    60
  Dodge: Dodged            |     1 |     8 |    17 |    11 ||    37

Table legend: (Time is in decaauts)
 A = Elapsed time spent in this place.
 B = Non-inter-level travel time spent in this place.
 C = Inter-level travel time spent in this place.
 D = Time resting spent in this place.
 E = Time spent auto-exploring this place.
 F = Levels seen in this place.
 G = Mean time per level.
                   A        B        C        D        E       F      G
               +--------+--------+--------+--------+--------+-----+--------+
         Total |   1565 |   1565 |      0 |    690 |     21 |   1 | 1565.0 |
       Dungeon |   1565 |   1565 |      0 |    690 |     21 |   1 | 1565.0 |
               +--------+--------+--------+--------+--------+-----+--------+

Top non-repeatable levels by time:
       D: 1565 daAuts
